 Dungeon Crawl Stone Soup version 0.29.1-15-g9cfb28693d (webtiles) character file.

Game seed: 13535599453260516047

159 112233 the Magician (level 5, 0/28 HPs)
             Began as a Deep Elf Conjurer on Feb 24, 2023.
             Slain by an ogre
             ... wielding a +0 giant club
              (28 damage)
             ... on level 4 of the Dungeon.
             The game lasted 00:01:50 (2902 turns).

112233 the Magician (Deep Elf Conjurer)             Turns: 2902, Time: 00:01:51

Health: 0/28       AC:  2    Str:  4    XL:     5   Next: 17%
Magic:  8/16       EV: 12    Int: 25    God:
Gold:   175        SH:  0    Dex: 13    Spells: 7/18 levels left

rFire   . . .      SeeInvis .   (no weapon)
rCold   . . .      Faith    .   (no shield)
rNeg    . . .      Spirit   .   a - +0 robe
rPois   .          Reflect  .   (no helmet)
rElec   .          Harm     .   (no cloak)
rCorr   .          Rampage  .   (no gloves)
Will    .....                   (no boots)
Stlth   ++........              (no amulet)
HPRegen 0.09/turn               e - ring of wizardry
MPRegen 0.15/turn               (no ring)

@: studying Translocations
A: no striking features
a: no special abilities


You were on level 4 of the Dungeon.
You visited 1 branch of the dungeon, and saw 4 of its levels.

You collected 175 gold pieces.

Inventory:

Armour
 a - a +0 robe (worn)
Magical Staves
 h - a staff of air
Jewellery
 e - a ring of wizardry (left hand)
 j - an amulet of faith
Scrolls
 c - a scroll of immolation {unknown}
 d - 3 scrolls of identify {unknown}
 f - 2 scrolls of butterflies {unknown}
 i - a scroll of amnesia {unknown}
 k - a scroll of blinking {unknown}
 m - a scroll of magic mapping {unknown}
 o - a scroll of vulnerability {unknown}
Potions
 b - a potion of magic
 g - a potion of resistance {unknown}
 l - a potion of attraction {unknown}
 n - a potion of curing
 p - a potion of might {unknown}
 q - 2 potions of degeneration {unknown}


   Skills:
 - Level 2.4 Dodging
 - Level 2.4 Stealth
 + Level 7.3 Spellcasting
 - Level 4.3 Conjurations


You had 7 spell levels left.
You knew the following spells:

 Your Spells              Type           Power      Damage    Failure   Level
a - Magic Dart            Conj           100%       1d8       1%          1
b - Searing Ray           Conj           62%        2d6       1%          2
c - Iskenderun's Mystic   Conj/Tloc      20%        2d6       11%         4
d - Fulminant Prism       Conj/Hex       10%        3d9       11%         4

Your spell library contained the following spells:

 Spells                   Type           Power      Damage    Failure   Level
 Dazzling Flash           Conj/Hex       40%        N/A       3%          3


Dungeon Overview and Level Annotations

Branches:
Dungeon (4/15)             Temple (0/1) D:4

Altars:

Annotations:
D:3 exclusion: downstairs


Message History

Casting: Magic Dart (safe; 1% risk of failure)
Confirm with . or Enter, or press ? or * to list all spells.
You can't see any susceptible monsters within range! (Use Z to cast anyway.)
An ogre is nearby!
An ogre is nearby!
Unknown command.
The ogre shouts!
A goblin comes into view. It is wielding a +0 club.
Casting: Magic Dart (safe; 1% risk of failure)
Confirm with . or Enter, or press ? or * to list all spells.
The spell is extremely dangerous to miscast (11% risk of failure)!
Continue anyway? [Y]es or [N]o only, please.
The spell is extremely dangerous to miscast (11% risk of failure)!
Continue anyway?
Okay, then.
The goblin shouts!
Casting: Iskenderun's Mystic Blast (extremely dangerous; 11% risk of failure)
Confirm with . or Enter, or press ? or * to list all spells.
The spell is extremely dangerous to miscast (11% risk of failure)!
Continue anyway? [Y]es or [N]o only, please.
The spell is extremely dangerous to miscast (11% risk of failure)!
Continue anyway?
You erupt in a blast of force!
The mystic blast hits the ogre!
The ogre is moderately wounded.
The ogre is knocked back by the mystic blast.
Unknown command.
Casting: Iskenderun's Mystic Blast (extremely dangerous; 11% risk of failure)
Confirm with . or Enter, or press ? or * to list all spells.
Aiming: Searing Ray (safe; 1% risk of failure)
Press: ? - help, Shift-Dir - straight line, f - ogre
Aim: an ogre, wielding a +0 giant club (moderately wounded, 90% to hit)
The searing ray hits the ogre.
The ogre is heavily wounded. (Press . to maintain the ray.) Unknown command.
The searing ray hits the ogre.
The ogre is severely wounded.
The searing ray hits the ogre.
The ogre is almost dead.
The ogre hits you with a +0 giant club!!
Ouch! That really hurt!
You die...

.. #####.....
............#
..##.#...#.#
#.....#.#..# #
#......>...#
#.##..#..#.#..#
...#..#.#..g#.#
#)........O@.#
...#..#.#######
#.......#####
#..).........
.##.....###### #
#.............#.###.
####.#...###........
#.##.####.##.#### #.
#.##...# #


You could see an ogre and a goblin.

Vanquished Creatures
  An orc wizard (D:2)
  5 adders
  2 worms
  3 dart slugs
  11 orcs
  5 endoplasms
  A giant cockroach (D:1)
  5 goblins
  4 hobgoblins
  2 jackals (D:3)
  2 kobolds
  6 quokkas
  8 ball pythons
  3 bats
  4 frilled lizards
  5 rats
67 creatures vanquished.

Notes
Turn   | Place    | Note
-------+----------+-------------------------------------------
     0 | D:1      | 112233 the Deep Elf Conjurer began the quest for the Orb.
     0 | D:1      | Reached XP level 1. HP: 10/10 MP: 6/6
   387 | D:1      | Reached skill level 4 in Spellcasting
   387 | D:1      | Reached XP level 2. HP: 15/15 MP: 5/9
   503 | D:1      | Found a faded altar of an unknown god.
   840 | D:1      | Learned a level 2 spell: Searing Ray
   905 | D:2      | Reached XP level 3. HP: 19/19 MP: 4/11
   970 | D:2      | Reached skill level 5 in Spellcasting
  1428 | D:2      | Reached skill level 6 in Spellcasting
  1428 | D:2      | Reached XP level 4. HP: 21/24 MP: 8/14
  1950 | D:3      | Identified the +5 leather armour of Ofraod {rPois Dex-3
                  | SInv}
  2308 | D:3      | Reached skill level 7 in Spellcasting
  2433 | D:3      | Reached XP level 5. HP: 28/28 MP: 11/16
  2771 | D:4      | Noticed an ogre
  2779 | D:3      | Learned a level 4 spell: Iskenderun's Mystic Blast
  2784 | D:3      | Learned a level 4 spell: Fulminant Prism
  2891 | D:4      | Found a staircase to the Ecumenical Temple.
  2902 | D:4      | Slain by an ogre

Illustrated notes

Levels and vault maps discovered:
D:1:      dpeg_arrival_rhombus, layout_rooms,
          dreamdust_ecumenical_altar_hidden_monk_grotto
D:2:      minmay_alternating_diamond, layout_loops_cross
D:3:      layout_basic
D:4:      lemuel_castle_with_subvaults [lemuel_castle_interior_carwin_2],
          layout_loops_ring, minmay_temple_entry_crystal_x,
          nicolae_specific_store

Skill      XL: |  1  2  3  4 |
---------------+-------------+-----
Spellcasting   | 4 6 7 |  7.3
Dodging        | |  2.4
Stealth        | |  2.4
Conjurations   | |  4.3

Action                   |  1- 3 |  4- 6 || total
-------------------------+-------+-------++-------
 Cast: Magic Dart        |    69 |    70 ||   139
       Searing Ray       |       |     3 ||     3
       Iskenderun's Myst |       |     1 ||     1
  Use: Potion            |     2 |       ||     2
Dodge: Dodged            |     4 |     5 ||     9
